 Dungeon Crawl Stone Soup version 0.26.1-11-gd32895ea62 (webtiles) character file.

Game seed: 12171854133086078828

347 nomophobia the Sneak (level 6, -4/55 HPs)
             Began as a Kobold Berserker on May 24, 2021.
             Was an Elder of Trog.
             Slain by Grinder (5 damage)
             ... while paralysed by Grinder
             ... on level 4 of the Dungeon.
             The game lasted 00:23:16 (4728 turns).

nomophobia the Sneak (Kobold Berserker)             Turns: 4728, Time: 00:23:17

Health: -4/55      AC:  5    Str: 14    XL:     6   Next: 91%
Magic:  6/6        EV:  3    Int:  8    God:    Trog [****..]
Gold:   195        SH:  0    Dex: 17    Spells: 5/5 levels left

rFire    . . .     SeeInvis .   c - +1 short sword (flame)
rCold    . . .     Faith    .   (shield restricted)
rNeg     . . .     Spirit   .   d - +0 leather armour
rPois    .         Reflect  .   (no helmet)
rElec    .         Harm     .   g - scarf {repulsion}
rCorr    .         Rampage  .   (no gloves)
Will     .....                  i - +1 pair of boots {Stlth+}
Stlth    ..........             (no amulet)
HPRegen  0.18/turn              (no ring)
MPRegen  0.10/turn              (no ring)

@: paralysed, berserking, repel missiles
A: small, nightstalker 3
a: Renounce Religion, Berserk, Trog's Hand, Brothers in Arms


You were on level 4 of the Dungeon.
You worshipped Trog.
Trog was greatly pleased with you.
You visited 1 branch of the dungeon, and saw 4 of its levels.

You collected 195 gold pieces.

Inventory:

Hand Weapons
 c - a +1 short sword of flaming (weapon)
 f - a +1 short sword of draining
Armour
 d - a +0 leather armour (worn)
 g - a scarf of repulsion (worn)
 i - a +1 pair of boots of stealth (worn)
Wands
 b - a wand of disintegration (18)
Scrolls
 j - a scroll of remove curse
Potions
 a - a potion of curing {unknown}
 e - a potion of attraction {unknown}
 h - a potion of mutation {unknown}


   Skills:
 - Level 3.2 Fighting
 + Level 5.7 Short Blades
 - Level 1.5 Armour
 + Level 4.5 Dodging
 * Level 6.4 Stealth


You had 5 spell levels left.
You didn't know any spells.
Your spell library was empty.

Dungeon Overview and Level Annotations

Branches:
Dungeon (4/15)             Temple (0/1) D:4

Altars:
Hepliaklqana

Annotations:
D:4 Grinder


Innate Abilities, Weirdness & Mutations

You are small and have problems with some larger weapons.
You are completely attuned to the shadows.


Message History

You hit Grinder. You burn Grinder.
Grinder is heavily wounded.
Grinder closely misses you.
You closely miss Grinder.
Grinder is heavily wounded.
Grinder hits you!
You writhe in agony.
You are too injured to fight recklessly!
A red film seems to cover your vision as you go berserk!
You feel yourself moving faster!
You feel mighty! Grinder gestures at you.
You suddenly lose the ability to move!
Grinder hits you!
* * * LOW HITPOINT WARNING * * *
You writhe in agony.
* * * LOW HITPOINT WARNING * * *
Grinder hits you but does no damage. Grinder hits you!
* * * LOW HITPOINT WARNING * * *
You writhe in agony.
You die...

#.# #.######
#......# ######.#
#.# .. #.# #. #.#
#. #.# ##5## #.#
#..@###### #.#
#...†...... #.#
##...#.....
#.#######.##.####
#......### #.#
######.#####.#
#.......#
#########


You could see Grinder.

Vanquished Creatures
  The ghost of pcat the Magician, an amateur DEEE (D:3)
  Crazy Yiuf (D:2)
  An orc priest (D:3)
  An orc wizard (D:3)
  6 adders
  3 oozes
  A worm (D:2)
  3 dart slugs
  5 leopard geckos
  12 orcs
  A ball python (D:4)
  6 giant cockroaches
  12 goblins
  10 hobgoblins
  13 kobolds
  A quokka (D:3)
  10 bats
  7 frilled lizards
  10 rats
104 creatures vanquished.

Notes
Turn   | Place    | Note
-------+----------+-------------------------------------------
     0 | D:1      | nomophobia the Kobold Berserker began the quest for the
                  | Orb.
     0 | D:1      | Reached XP level 1. HP: 14/14 MP: 1/1
   223 | D:1      | Reached skill level 1 in Stealth
   234 | D:1      | Reached XP level 2. HP: 11/19 MP: 2/2
   498 | D:1      | Reached skill level 2 in Stealth
   671 | D:1      | Reached XP level 3. HP: 18/23 MP: 3/3
  1327 | D:1      | Reached skill level 3 in Stealth
  1713 | D:2      | Reached ** piety under Trog
  1956 | D:2      | Reached XP level 4. HP: 28/28 MP: 4/4
  2871 | D:2      | Reached skill level 4 in Stealth
  3146 | D:2      | Found a runed translucent door.
  3149 | D:2      | Noticed Crazy Yiuf
  3157 | D:2      | Killed Crazy Yiuf
  3158 | D:2      | Reached skill level 5 in Short Blades
  3158 | D:2      | Reached XP level 5. HP: 32/32 MP: 5/5
  3543 | D:3      | Reached skill level 5 in Stealth
  3587 | D:3      | Found a runed translucent door.
  3593 | D:3      | Noticed pcat's ghost (amateur DEEE)
  3614 | D:3      | Killed pcat's ghost
  3615 | D:3      | Reached XP level 6. HP: 22/37 MP: 6/6
  3900 | D:3      | Reached *** piety under Trog
  4052 | D:3      | Reached skill level 6 in Stealth
  4448 | D:3      | Found a hazy altar of Hepliaklqana.
  4629 | D:4      | Found a staircase to the Ecumenical Temple.
  4707 | D:4      | Noticed Grinder
  4709 | D:4      | Reached **** piety under Trog
  4709 | D:4      | Paralysed by Grinder for 6 turns
  4725 | D:4      | Paralysed by Grinder for 4 turns
  4728 | D:4      | HP: 1/55 [Grinder (9)]
  4728 | D:4      | Slain by Grinder

Illustrated notes

Levels and vault maps discovered:
D:1:      dpeg_arrival_arbitrary_c, layout_basic
D:2:      layout_basic, uniq_crazy_yiuf_cottage
D:3:      minmay_chambers_of_threes, layout_rooms,
          lemuel_coloured_pillars_altar, ebering_ghost_reflecting_pool,
          wad_floor_pattern_untrapped, hangedman_decor_points
D:4:      layout_loops_ring, minmay_temple_entry_overgrown, kennysheep_doodads,
          due_unseen_surprise, uniq_grinder, uniq_duvessa, uniq_edmund

Skill      XL: |  1  2  3  4  5  6 |
---------------+-------------------+-----
Stealth        | 1 2 3 4 5 6 |  6.4
Dodging        | 3 4 |  4.5
Short Blades   | 5 |  5.7
Fighting       | |  3.2
Armour         | |  1.5

Action                   |  1- 3 |  4- 6 || total
-------------------------+-------+-------++-------
Melee: Short sword       |   103 |   171 ||   274
Invok: Berserk           |     3 |     5 ||     8
  Use: Scroll            |     3 |     3 ||     6
 Stab: Sleeping          |    10 |    24 ||    34
       Distracted        |       |     1 ||     1
Armor: Animal skin       |    24 |       ||    24
       Leather armour    |     2 |    11 ||    13
Dodge: Dodged            |    84 |    92 ||   176
